 Dungeon Crawl Stone Soup version 0.27.1-35-g4d5d836560 (webtiles) character file.

Game seed: 4733852504754870774

41 cbfl8 the Sneak (level 3, 0/33 HPs)
             Began as a Minotaur Delver on Apr 19, 2022.
             Slain by an orc (6 damage)
             ... on level 5 of the Dungeon.
             The game lasted 00:00:25 (90 turns).

cbfl8 the Sneak (Minotaur Delver)                     Turns: 90, Time: 00:00:25

Health: 0/33       AC:  3    Str: 17    XL:     3   Next: 32%
Magic:  2/2        EV: 12    Int:  7    God:
Gold:   0          SH:  0    Dex: 11    Spells: 2/2 levels left

rFire    . . .     SeeInvis .   a - +0 falchion
rCold    . . .     Faith    .   (no shield)
rNeg     . . .     Spirit   .   b - +0 leather armour
rPois    .         Reflect  .   (helmet restricted)
rElec    .         Harm     .   (no cloak)
rCorr    .         Rampage  .   (no gloves)
Will     .....                  (no boots)
Stlth    +.........             (no amulet)
HPRegen  0.11/turn              (no ring)
MPRegen  0.08/turn              (no ring)

@: confused
A: horns 2, retaliatory headbutt
a: no special abilities


You were on level 5 of the Dungeon.
You visited 1 branch of the dungeon, and saw 1 of its levels.

Inventory:

Hand Weapons
 a - a +0 falchion (weapon)
Armour
 b - a +0 leather armour (worn)
Wands
 g - a wand of digging (3)
Scrolls
 c - a scroll of fog
 d - a scroll of magic mapping
 e - a scroll of fear
Potions
 f - a potion of haste


   Skills:
 + Level 3.9 Fighting
 + Level 2.5 Long Blades
 + Level 2.3 Dodging
 + Level 4.8 Stealth


You had 2 spell levels left.
You didn't know any spells.
Your spell library was empty.

Dungeon Overview and Level Annotations

Branches:
Dungeon (5/15)
 Temple: D:4-7

Altars:


Innate Abilities, Weirdness & Mutations

You have a pair of horns on your head.
You reflexively headbutt those who attack you in melee.


Message History

The hound zombie bites you but does no damage.
The hound zombie closely misses you.
You riposte.
You hit the hound zombie.
You destroy the hound zombie!
You have reached level 2!
An orc comes into view. It is wielding a +0 falchion.
The orc shouts!
You slash the orc!
You kill the orc!
The orc wizard points at you and mumbles some strange words.
You resist with significant effort.
You see here a +0 dagger.
The orc wizard gestures at you while chanting.
The puff of flame hits you!
The orc wizard hits you with a +0 dagger.
You hit the orc wizard. You headbutt the orc wizard!
The orc wizard is severely wounded.
The orc wizard barely misses you.
You riposte.
You hit the orc wizard. You headbutt the orc wizard.
The orc wizard is severely wounded.
The orc closely misses you. You furiously retaliate!
You headbutt the orc.
The orc wizard hits you but does no damage.
You hit the orc wizard.
You kill the orc wizard!
The orc wizard casts a spell at you.
You are confused.
The orc hits you with a +0 falchion.
* * * LOW HITPOINT WARNING * * *
You have reached level 3!
Your experience leads to an increase in your attributes!
Increase (S)trength, (I)ntelligence, or (D)exterity?
You feel stronger.
You bump into the rock wall.
The orc wizard misses you. The orc hits you with a +0 falchion.
* * * LOW HITPOINT WARNING * * *
You closely miss the orc.
The orc is heavily wounded.
The orc wizard hits you with a +0 dagger.
* * * LOW HITPOINT WARNING * * *
The orc hits you with a +0 falchion.
You die...

#..###. #..#..
#..#.####
#........
#.......#
#######.....#?#
.......oo.....+
#@)..##.#
##.......#
#.)#.#####
##.#### #..#.#
#...# #...#
#..### ###
##...###.#######


You could see an orc wizard and an orc.

Vanquished Creatures
  An orc wizard (D:5)
  A hound zombie (D:5)
  An orc (D:5)
3 creatures vanquished.

Notes
Turn   | Place    | Note
-------+----------+-------------------------------------------
     0 | D:5      | cbfl8 the Minotaur Delver began the quest for the Orb.
     0 | D:5      | Reached XP level 1. HP: 19/19 MP: 0/0
    56 | D:5      | Noticed an ogre
    64 | D:5      | Noticed an ogre
    79 | D:5      | Noticed an orc wizard
    80 | D:5      | Noticed an orc wizard
    82 | D:5      | Reached XP level 2. HP: 21/27 MP: 1/1
    89 | D:5      | Reached XP level 3. HP: 9/33 MP: 2/2
    90 | D:5      | Slain by an orc

Illustrated notes

Levels and vault maps discovered:
D:5:      layout_loops_corners, minmay_temple_entry_offerings,
          gup_sewer_entry_spiral, grunt_decor_resistance, minmay_ruined_shrine,
          uniq_edmund

Action                   || total
-------------------------++-------
Melee: Falchion          ||     7
       Headbutt          ||     5
Armor: Leather armour    ||     2
Dodge: Dodged            ||     7
       Rpst.: Falchion   ||     2
